 Dungeon Crawl Stone Soup version 0.32-a0-132-g2d33c3cfaf (webtiles) character file.

Game seed: 6072295431342546423

63 Pooter the Ruffian (level 4, -2/29 HPs)
             Began as an Octopode Shapeshifter on Feb 9, 2024.
             Slain by an orc priest
             ... wielding a +1 flail of draining
              (7 damage)
             ... on level 2 of the Dungeon.
             The game lasted 00:07:15 (942 turns).

Pooter the Ruffian (Octopode Shapeshifter)           Turns: 942, Time: 00:07:16

Health: -2/29      AC:  1    Str: 15    XL:     4   Next: 10%
Magic:  4/4        EV: 13    Int: 12    God:
Gold:   36         SH:  0    Dex: 11    Spells: 3/3 levels left

rFire   . .          .
                       - Unarmed
rCold   . . .        (no shield)
rNeg    . . .        (helmet restricted)
rPois   .            (no amulet)
rElec   .            (no ring)
rCorr   .            (no ring)
SInv    .            (no ring)
Will    .....        (no ring)
Stlth   +++          (no ring)
HPRegen 0.24/turn    (no ring)
MPRegen 0.09/turn    (no ring)
                     (no ring)

%: no passive effects
@: no status effects
A: almost no armour, amphibious, 8 rings, camouflage 1, gelatinous body 1,
(nimble swimmer 1), tentacles
a: no special abilities


You were on level 2 of the Dungeon.
You visited 1 branch of the dungeon, and saw 2 of its levels.

You collected 36 gold pieces.

Inventory:

Missiles
 e - 5 boomerangs (quivered)
 Q - 17 stones
Talismans
 b - a beast talisman
 c - a flux talisman
Scrolls
 f - a scroll of vulnerability {!r}
 h - a scroll of brand weapon
Potions
 a - a potion of lignification {!q}
 d - a potion of curing {unknown}
 g - a potion of heal wounds {@q2}
 j - a potion of mutation {unknown}


   Skills:
 + Level 1.8 Fighting
 + Level 2.6 Dodging
 + Level 2.0 Stealth
 + Level 3.4 Unarmed Combat
 + Level 3.3 Shapeshifting


You had 3 spell levels left.
You didn't know any spells.
Your spell library was empty.

Dungeon Overview and Level Annotations

Branches:
Dungeon (2/15) Zot: 11054

Altars:


Innate Abilities, Weirdness & Mutations

You cannot wear most types of armour.
You are amphibious.
You can wear up to eight rings at the same time.
Your skin changes colour to match your surroundings (Stealth+).
Your rubbery body absorbs attacks. (AC +1, EV +1)
((You are camouflaged when in or above water. (Stealth+)))
You have tentacles for arms and can constrict up to eight enemies at once.


Message History

A rat comes into view.
The rat squeaks loudly. x2
The rat barely misses you.
You tentacle-slap the rat.
You kill the rat!
The rat closely misses you.
You tentacle-slap the rat but do no damage.
You grab the rat. You tentacle-slap the rat.
You kill the rat!
You now have 36 gold pieces (gained 9).
A ball python and a goblin come into view.
The goblin shouts!
There is a stone staircase leading down here.
The goblin closely misses you.
The ball python hisses angrily.
You tentacle-slap the goblin. Your grab misses the goblin.
Your tentacle-slap misses the goblin.
The goblin hits you with a +0 dagger.
You closely miss the goblin. You grab the goblin.
You squeeze the goblin, but do no damage.
You constrict the goblin, but do no damage.
The ball python bites you but does no damage.
The ball python grabs you. The ball python constricts you.
The goblin barely misses you.
You barely miss the ball python. You grab the ball python.
You constrict the ball python.
You kill the ball python!
You constrict the goblin. The goblin hits you with a +0 dagger.
You tentacle-slap the goblin.
You kill the goblin!
The orc hits you with a +0 whip.
You tentacle-slap the orc but do no damage.
Your grab misses the orc. The orc closely misses you.
You tentacle-slap the orc. Your grab misses the orc.
Your tentacle-slap misses the orc.
You squeeze the orc.
You kill the orc!
The orc priest looks satisfied for a moment.
Things that are here:
a +0 whip; a +0 leather armour The orc priest mumbles some strange prayers to Beogh against you.
Beogh smites you!
You are too injured to fight recklessly!
The orc priest mumbles some strange prayers to Beogh against you.
Beogh smites you!
* * * LOW HITPOINT WARNING * * *
The orc barely misses you. The orc priest barely misses you.
You tentacle-slap the orc priest. Your grab misses the orc priest.
The orc closely misses you.
The orc priest hits you with a +1 flail of draining!
You die...

#..##..#.....#.....#.#
#..#...............#.#
#....#.......#....<..#
#.#..#)ß...ß.#.......###
#.##.#.......#..........
..#.#.......#......####
#.#.#.......#.#.#..#
#.#.#oß...ß.#.....##
#.).#o@.....#.#....#
####..##.....##......#
##.....###$⌠$###......#
#...>...#######..####.#
#..###...........# #.#
....##........#<.>.# #.#
...## #.......##....#
#.. .. ##.......##....#
##. .
####........##....# ..


You could see an orc priest and an orc.

Vanquished Creatures
  A gnoll (D:1)
  3 adders
  A dart slug (D:1)
  An orc (D:2)
  2 giant cockroaches (D:1)
  3 goblins
  4 hobgoblins (D:1)
  2 kobolds (D:1)
  A quokka (D:1)
  2 ball pythons
  A bat (D:1)
  4 rats
25 creatures vanquished.

Notes
Turn   | Place    | Note
-------+----------+-------------------------------------------
     0 | D:1      | Pooter the Octopode Shapeshifter began the quest for the
                  | Orb.
     0 | D:1      | Reached XP level 1. HP: 13/13 MP: 1/1
   182 | D:1      | Found a faded altar of an unknown god.
   204 | D:1      | Reached skill level 1 in Stealth
   204 | D:1      | Reached XP level 2. HP: 18/18 MP: 2/2
   346 | D:1      | Reached XP level 3. HP: 14/23 MP: 3/3
   861 | D:2      | Reached XP level 4. HP: 26/29 MP: 4/4
   942 | D:2      | Slain by an orc priest

Illustrated notes

Levels and vault maps discovered:
D:1:      beargit_arrival_diablo_church, layout_basic,
          ebering_ecumenical_altar_mist
D:2:      cheibrodos_pilgrimage, layout_rooms, hangedman_decor_push,
          minmay_unequal

Skill      XL: |  1  2  3 |
---------------+----------+-----
Stealth        | 1 2 |  2.0
Fighting       | |  1.8
Dodging        | |  2.6
Unarmed Combat | |  3.4
Shapeshifting  | |  3.3

Action                     |  1- 3 |  4- 6 || total
---------------------------+-------+-------++-------
  Melee: Unarmed           |    38 |     9 ||    47
         Tentacles         |    10 |     2 ||    12
         Constrict         |     9 |     3 ||    12
         Punch             |       |     1 ||     1
  Throw: Boomerang         |    16 |       ||    16
Ability: Begin Untransform |     1 |       ||     1
    Use: Scroll            |     3 |       ||     3
   Stab: Sleeping          |     3 |       ||     3
 Armour: Skin              |    15 |     5 ||    20
  Dodge: Dodged            |    13 |     8 ||    21

Table legend: (Time is in decaauts)
 A = Elapsed time spent in this place.
 B = Non-inter-level travel time spent in this place.
 C = Inter-level travel time spent in this place.
 D = Time resting spent in this place.
 E = Time spent auto-exploring this place.
 F = Levels seen in this place.
 G = Mean time per level.
                   A        B        C        D        E       F      G
               +--------+--------+--------+--------+--------+-----+--------+
         Total |    944 |    923 |     21 |    109 |    583 |   2 |  472.0 |
       Dungeon |    944 |    923 |     21 |    109 |    583 |   2 |  472.0 |
               +--------+--------+--------+--------+--------+-----+--------+

Top non-repeatable levels by time:
     D:1: 757 daAuts
     D:2: 187 daAuts
